 Dungeon Crawl Stone Soup version 0.30-a0-116-g3b1a8e4ee4 (webtiles) character file.

Game seed: 1349594544219571893

260 porpoise the Poker (level 5, -2/43 HPs)
             Began as a Demonspawn Gladiator on Sept 13, 2022.
             Killed from afar by an orc wizard (10 damage)
             ... with a magic dart
             ... on level 4 of the Dungeon.
             The game lasted 00:09:08 (3700 turns).

porpoise the Poker (Demonspawn Gladiator)           Turns: 3700, Time: 00:09:08

Health: -2/43      AC:  9    Str: 17    XL:     5   Next: 95%
Magic:  1/1        EV: 10    Int:  9    God:
Gold:   162        SH:  0    Dex: 14    Spells: 4/4 levels left

rFire   . . .      SeeInvis .    a - +0 trident (antimagic)
rCold   . . .      Faith    .    (no shield)
rNeg    . . .      Spirit   .    m - +0 scale mail
rPois   +          Reflect  .    (helmet restricted)
rElec   .          Harm     .    o - +2 cloak {rPois}
rCorr   .          Rampage  .    (no gloves)
Will    .....                    (no boots)
Stlth   ..........               (no amulet)
HPRegen 0.14/turn                (no ring)
MPRegen 0.07/turn                (no ring)

@: no status effects
A: antennae 2
a: no special abilities


You were on level 4 of the Dungeon.
You visited 1 branch of the dungeon, and saw 4 of its levels.

You collected 162 gold pieces.

Inventory:

Hand Weapons
 a - a +0 antimagic trident (weapon)
 b - a +0 sling
 q - a +0 trident
Missiles
 d - 2 throwing nets (quivered)
 k - a curare-tipped dart
Armour
 m - a +0 scale mail (worn)
 o - a +2 cloak of poison resistance (worn)
Jewellery
 n - an amulet of magic regeneration
 p - a ring of poison resistance
Scrolls
 c - a scroll of teleportation
 i - a scroll of fear
 j - 2 scrolls of identify
 l - a scroll of butterflies
Potions
 f - 2 potions of haste
 g - a potion of magic
 h - 3 potions of curing


   Skills:
 + Level 4.6 Fighting
 + Level 4.7 Polearms
 - Level 1.7 Throwing
 - Level 2.6 Dodging


You had 4 spell levels left.
You didn't know any spells.
Your spell library was empty.

Dungeon Overview and Level Annotations

Branches:
Dungeon (4/15)
 Temple: D:4-7

Altars:


Innate Abilities, Weirdness & Mutations

You have a pair of antennae on your head.


Message History

The magic dart hits something!
Something hits you.
You hit something but do no damage. Something hits you.
You hit something.
You hear some strange, mumbled words.
A puff of flame appears from out of thin air!
The puff of flame hits you!
* * * LOW HITPOINT WARNING * * *
You hit something.
Reactivating autopickup.
You feel a bit more experienced.
You hit the orc but do no damage. The orc barely misses you.
You hit the orc but do no damage. The orc hits you with a +0 flail.
* * * LOW HITPOINT WARNING * * *
You hit the orc but do no damage. The orc hits you but does no damage.
Throw: javelin
Press: ? - help, Q - select action, (/) - cycle Shift-Dir - straight line, f - orc
Aim: an orc, wielding a +0 flail and wearing a +0 scale mail (64% to hit)
You throw a javelin. The javelin pierces through the orc!
You kill the orc!
You hear some strange, mumbled words.
Deactivating autopickup; reactivate with Ctrl-A.
You are confused.
You hear some strange, mumbled words.
A magic dart appears from out of thin air!
The magic dart hits you but does no damage.
Items here: ))) [[[ ††.
You're too confused to move!
Something hits you but does no damage. Something hits you but does no damage.
Something hits you but does no damage.
You hear some strange, mumbled words.
A puff of flame appears from out of thin air!
The puff of flame misses you.
You feel less confused.
You barely miss something. Something hits you.
* * * LOW HITPOINT WARNING * * *
You completely miss something.
You hear some strange, mumbled words.
A magic dart appears from out of thin air!
The magic dart hits you!
You die...

.# .# .# #####.# #.....#
#....(# +....># #=....#
#.@{..# #.....# #.....#
{ #####)# ###+### #.# #
########.....######.##.#
.......'.....+.........#
#####.##.....######.####
+...#.....### #.#


There were no monsters in sight!

Vanquished Creatures
  A hound (D:3)
  Crazy Yiuf (D:2)
  Jessica (D:3)
  Natasha (D:3)
  An orc wizard (D:4)
  4 gnolls
  An adder (D:3)
  2 worms (D:2)
  2 dart slugs
  5 orcs
  3 ball pythons
  7 endoplasms
  A giant cockroach (D:2)
  4 goblins
  5 hobgoblins
  8 jackals
  2 quokkas
  8 bats
  6 frilled lizards
  6 kobolds
  8 rats
77 creatures vanquished.

Vanquished Creatures (others)
  An orc wizard (D:4)
1 creature vanquished.

Grand Total: 78 creatures vanquished

Notes
Turn   | Place    | Note
-------+----------+-------------------------------------------
     0 | D:1      | porpoise the Demonspawn Gladiator began the quest for the
                  | Orb.
     0 | D:1      | Reached XP level 1. HP: 16/16 MP: 1/1
   350 | D:1      | Gained mutation: You have a pair of small antennae on your
                  | head. [demonic ancestry]
   350 | D:1      | Reached XP level 2. HP: 23/23 MP: 2/2
   544 | D:1      | Found a faded altar of an unknown god.
  1293 | D:2      | Gained mutation: You have a pair of antennae on your head.
                  | [demonic ancestry]
  1293 | D:2      | Reached XP level 3. HP: 16/28 MP: 3/3
  2192 | D:2      | Found a runed translucent door.
  2193 | D:2      | Noticed Crazy Yiuf
  2201 | D:2      | Killed Crazy Yiuf
  2202 | D:2      | Reached XP level 4. HP: 35/35 MP: 4/4
  2968 | D:3      | Reached XP level 5. HP: 42/42 MP: 5/5
  3208 | D:3      | Noticed Jessica
  3213 | D:3      | Killed Jessica
  3348 | D:3      | Noticed Natasha
  3358 | D:3      | Killed Natasha
  3700 | D:4      | Killed from afar by an orc wizard

Illustrated notes

Levels and vault maps discovered:
D:1:      dpeg_arrival_rooms_with_view, layout_basic,
          hellmonk_ecumenical_altar_inner_sanctum,
          chequers_serial_rivers_small_a
D:2:      layout_basic, serial_rivers, chequers_serial_rivers_small_a,
          chequers_serial_rivers_room_a, chequers_serial_rivers_marsh,
          chequers_serial_rivers_micro_b, uniq_crazy_yiuf_cottage
D:3:      layout_basic, uniq_natasha, uniq_jessica
D:4:      minmay_razor_zed, layout_basic, lemuel_doored_altar,
          minmay_temple_entry_fiery, serial_shops, shop_fountains,
          corexii_item_surrounded_by_moat

Skill      XL: |  1  2  3  4  5 |
---------------+----------------+-----
Polearms       | 3 4 |  4.7
Fighting       | 3 4 |  4.6
Throwing       | |  1.7
Dodging        | |  2.6

Action                   |  1- 3 |  4- 6 || total
-------------------------+-------+-------++-------
Melee: Trident           |   175 |   133 ||   308
       Punch             |       |     2 ||     2
 Fire: Sling             |     7 |       ||     7
Throw: Throwing net      |     1 |       ||     1
       Dart              |       |     1 ||     1
       Javelin           |       |     1 ||     1
  Use: Scroll            |       |     6 ||     6
Armor: Leather armour    |    22 |       ||    22
       Scale mail        |    18 |    60 ||    78
Dodge: Dodged            |    92 |    69 ||   161

Table legend: (Time is in decaauts)
 A = Elapsed time spent in this place.
 B = Non-inter-level travel time spent in this place.
 C = Inter-level travel time spent in this place.
 D = Time resting spent in this place.
 E = Time spent auto-exploring this place.
 F = Levels seen in this place.
 G = Mean time per level.
                   A        B        C        D        E       F      G
               +--------+--------+--------+--------+--------+-----+--------+
         Total |   3742 |   3655 |     87 |   1346 |   1555 |   4 |  935.5 |
       Dungeon |   3742 |   3655 |     87 |   1346 |   1555 |   4 |  935.5 |
               +--------+--------+--------+--------+--------+-----+--------+

Top non-repeatable levels by time:
     D:2: 1560 daAuts
     D:1: 1295 daAuts
     D:3: 665 daAuts
     D:4: 220 daAuts
